 Dungeon Crawl Stone Soup version 0.22.1-6-g1668fe2c40 (webtiles) character file.

95 Zingi the Charlatan (level 4, -7/22 HPs)
             Began as a Spriggan Artificer on Jan 29, 2019.
             Engulfed by a cloud of flame (21 damage)
             ... on level 3 of the Dungeon.
             The game lasted 00:02:41 (2663 turns).

Zingi the Charlatan (Spriggan Artificer)            Turns: 2663, Time: 00:02:41

Health: -7/22      AC:  2    Str:  8    XL:     4   Next: 39%
Magic:  8/8        EV: 19    Int: 12    God:
Gold:   100        SH:  0    Dex: 17    Spells: 3/3 levels left

rFire    . . .     SeeInvis +   g - +2 short sword (elec)
rCold    . . .     Gourm    .   (shield restricted)
rNeg     . . .     Faith    .   b - +0 robe
rPois    .         Spirit   .   (helmet restricted)
rElec    .         Reflect  .   (no cloak)
rCorr    .         Harm     .   (gloves unavailable)
MR       .....                  (boots unavailable)
Stlth    +++.......             (no amulet)
HPRegen  0.07/turn              (no ring)
MPRegen  0.11/turn              (no ring)

@: very quick
A: very small, unfitting armour, see invisible, herbivore, speed 3, slow
metabolism 2
a: no special abilities


You were on level 3 of the Dungeon.
You were not hungry.

You visited 1 branch of the dungeon, and saw 3 of its levels.

You collected 100 gold pieces.

Inventory:

Hand Weapons
 a - a +0 short sword
 g - a +2 short sword of electrocution (weapon)
 q - a +2 dagger of venom
Armour
 b - a +0 robe (worn)
Jewellery
 l - an uncursed ring of protection from cold {unknown}
Wands
 c - a wand of flame (15)
 d - a wand of enslavement (15)
 e - a wand of random effects (11)
Scrolls
 h - a scroll of remove curse {unknown}
 i - a scroll of fog {unknown}
 j - 3 scrolls of identify {unknown}
 k - a scroll of amnesia {unknown}
 m - 2 scrolls of teleportation {unknown}
 o - a scroll of random uselessness {unknown}
 p - a scroll of magic mapping {unknown}
Potions
 n - 2 potions of curing {unknown}
 r - 2 potions of heal wounds {unknown}
 s - a potion of resistance {unknown}
Comestibles
 f - 2 rations


   Skills:
 + Level 1.0 Fighting
 + Level 1.9 Short Blades
 + Level 4.2 Dodging
 + Level 4.1 Stealth
 + Level 4.8 Evocations


You had 3 spell levels left.
You didn't know any spells.
Your spell library was empty.

Dungeon Overview and Level Annotations

Branches:
Dungeon (3/15)

Altars:
Ashenzari
Fedhas
Sif Muna
Vehumet


Innate Abilities, Weirdness & Mutations

You are very small and have problems with some larger weapons.
You are too small for most types of armour.
You have supernaturally acute eyesight. (SInv)
You are a herbivore.
You cover ground extremely quickly.
You need to consume almost no food.


Message History

You closely miss the bat. The bat misses you.
The bat hits you but does no damage.
Found a scroll labeled DEVAON ZIUG and an agate ring.
You hit the bat.
The bat is severely wounded.
The bat closely misses you.
You hit the bat. Lightning courses through the bat!
You kill the bat!
Really walk into a travel-excluded area? [Y]es or [N]o only, please.
Really walk into a travel-excluded area?
Really walk into that cloud of flame? [Y]es or [N]o only, please.
Really walk into that cloud of flame?
You are engulfed in blazing flames.
You see here an emerald potion.
n - 2 emerald potions (gained 1)
You are engulfed in blazing flames.
Ouch! That really hurt!
You die...

############ # #
..........# #.= #.
#...§.###.# ....#.#
#..§§.# #.#
.......######.§§§.#
#.#
?......†......@...#
#.#
.......#####....###
#.# #...#.# #.####
#.# #". #. #.# #.#
. . #.# #.# ##
##.### #.# #.
#####.#..# #.# ..
..###.#.# ##.# #.
#.# ###.# #..####


There were no monsters in sight!

Vanquished Creatures
  3 adders
  An ooze (D:2)
  2 worms
  3 dart slugs
  A leopard gecko (D:3)
  4 giant cockroaches
  4 goblins
  7 hobgoblins
  6 kobolds
  3 quokkas
  8 bats
  3 frilled lizards
  4 rats
49 creatures vanquished.

Notes
Turn   | Place    | Note
-------+----------+-------------------------------------------
     0 | D:1      | Zingi the Spriggan Artificer began the quest for the Orb.
     0 | D:1      | Reached XP level 1. HP: 9/9 MP: 4/4
   575 | D:1      | Reached XP level 2. HP: 13/14 MP: 6/6
  1499 | D:2      | Reached XP level 3. HP: 8/17 MP: 7/7
  1712 | D:2      | Found a shattered altar of Ashenzari.
  2020 | D:2      | Found a deep blue altar of Sif Muna.
  2310 | D:2      | Reached XP level 4. HP: 20/21 MP: 8/8
  2517 | D:3      | Found a blossoming altar of Fedhas.
  2535 | D:3      | Reached skill level 1 in Fighting
  2613 | D:3      | Found a radiant altar of Vehumet.
  2663 | D:3      | Engulfed by a cloud of flame

Skill      XL: |  1  2  3  4 |
---------------+-------------+-----
Stealth        | 2 3 4 |  4.1
Dodging        | 4 |  4.2
Fighting       | 1 |  1.0
Short Blades   | |  1.9
Evocations     | |  4.8

Action                   |  1- 3 |  4- 6 || total
-------------------------+-------+-------++-------
Melee: Short sword       |   106 |    32 ||   138
Evoke: Wand              |     4 |       ||     4
 Stab: Confused          |     1 |       ||     1
       Sleeping          |     7 |     1 ||     8
Armor: Robe              |    13 |     4 ||    17
Dodge: Dodged            |    95 |    25 ||   120
